 Dungeon Sprint DCSS version 0.17-a0-1582-ge6b0260 (webtiles) character file.

5132 Jb9000 the Covert (level 10, 0/68 HPs)
             Began as a Gargoyle Fighter on July 27, 2015.
             Was the Champion of Qazlal.
             Slain by Maud
             ... wielding a +1 demon trident
              (10 damage)
             ... in the Dungeon (Sprint VII: "The Pits").
             The game lasted 00:10:11 (1363 turns).

Jb9000 the Covert (Gargoyle Fighter)                Turns: 1363, Time: 00:10:11

Health: 0/68       AC: 23    Str: 20    XL:     10   Next: 58%
Magic:  5/21       EV: 16    Int: 11    God:    Qazlal [******]
Gold:   0          SH: 20    Dex: 13    Spells: 0 memorised, 23 levels left

rFire  . . .     SeeInvis .     D - +1 broad axe (freeze)
rCold  . . .     Clarity  .     f - +3 ring mail
rNeg   + . .     SustAt   .     c - +0 shield
rPois  ∞         Gourm    .     (no helmet)
rElec  +         Spirit   .     (no cloak)
rCorr  .         Warding  .     b - +0 pair of gloves
rMut   .         NoTele   +     B - +0 pair of boots
MR     .....                    (no amulet)
Stlth  +.........               z - +3 ring of dexterity
                                y - +3 ring of evasion

@: protected from physical damage, very slightly contaminated, repel missiles,
invisible, not resistant to hostile enchantments, very unstealthy
A: negative energy resistance 1, electricity resistance, unbreathing,
petrification resistance, rot immunity, AC +7
a: Upheaval, Elemental Force, Disaster Area, Renounce Religion


You were in the Dungeon.
You worshipped Qazlal.
Qazlal was exalted by your worship.
You were full.

You visited 1 branch

Inventory:

Hand weapons
 a - a +0 war axe
 r - a +2 hand axe
 s - a +0 long sword of holy wrath
 t - a +0 mace of protection
 v - a +0 scimitar of flaming
 C - a +2 morningstar of protection
 D - a +1 broad axe of freezing (weapon)
Missiles
 d - 22 arrows
Armour
 b - a +0 pair of gloves (worn)
 c - a +0 shield (worn)
 f - a +3 ring mail (worn)
 B - a +0 pair of boots (worn)
Jewellery
 y - a +3 ring of evasion (left hand)
 z - a +3 ring of dexterity (right hand)
Magical devices
 u - a wand of heal wounds (0)
Scrolls
 k - a scroll of blinking
 o - 3 scrolls of remove curse
 p - 5 scrolls of amnesia
 q - a scroll of summoning
Potions
 g - a potion of heal wounds
 h - 7 potions of curing
 i - 4 potions of magic
 j - 3 potions of berserk rage
 n - a potion of invisibility
 x - 2 potions of might
 A - a potion of cure mutation
Comestibles
 e - 7 bread rations
 l - 35 fruits
 m - 7 meat rations


   Skills:
 + Level 9.8 Fighting
 + Level 7.7 Axes
 + Level 9.9 Armour
 + Level 6.7 Dodging
 * Level 13.0 Stealth
 + Level 9.8 Shields
 + Level 7.4 Spellcasting
 * Level 10.2 Invocations


You had 23 spell levels left.
You didn't know any spells.

Dungeon Overview and Level Annotations

Branches:
Dungeon (1/1)

Altars:
Ashenzari
Cheibriados
Dithmenos
Elyvilon
Fedhas
Gozag
Kikubaaqudgha
Makhleb
Nemelex Xobeh
Okawaru
Qazlal
Ru
Sif Muna
Trog
Vehumet
Xom
Yredelemnul
Zin
The Shining One
Beogh
Jiyva
Lugonu

Annotations:
D Maud, Prince Ribbit


Innate Abilities, Weirdness & Mutations

You are resistant to torment.
Your stone body is resilient (AC +7).
You are immune to poison.
You resist negative energy.
You are resistant to electric shocks.
You can survive without breathing.
You are immune to petrification.
You are immune to rotting.


Message History

You kill the cyclops!
Qazlal accepts your kill.
Your Stealth skill increases to level 13!
Your Invocations skill increases to level 10!
The mottled dragon is engulfed in roaring flames.
You kill the mottled dragon!
Qazlal accepts your kill.
You hit Maud but do no damage.
Maud is severely wounded.
Maud burns!
Maud hits you with an enchanted demon trident!
* * * LOW HITPOINT WARNING * * *
You feel more protected from physical attacks.
Drink which item? (? for menu, Esc to quit)
You fade into invisibility!
Maud burns!
Maud misses you.
You are very lightly contaminated with residual magic.
Maud burns!
Maud hits you with an enchanted demon trident!
You die...

# ##('## ###..+ ..
###....###....##'## ...
##......#....# ...##....
##..........)+ ....'....
##......#....##...##....
###.)..###...†##.##....
# ##''## ###..)§§....#
###...§## ####/[†####
##......# #..@@...#
##......# #...§§§...#
######### ###########


You could see Maud (burning).

Vanquished Creatures
  A shadow wraith (D)
  A cyclops (D)
  Joseph (D)
  An eye of devastation (D)
  A fire drake (D)
  A hellwing (D)
  A komodo dragon (D)
  An efreet (D)
  A blue devil (D)
  3 trolls (D)
  A wyvern (D)
  A hippogriff (D)
  A basilisk (D)
  A hungry ghost (D)
  A fire bat (D)
  Grum (D)
  A mottled dragon (D)
  Edmund (D)
  4 wolves (D)
  A warg (D)
  2 sky beasts (D)
  A wasp (D)
  A centaur (D)
  2 quasits (D)
  2 gnoll shamans (D)
  An iron imp (D)
  A mummy (D)
  5 gnolls (D)
  A white imp (D)
  A giant eyeball (D)
  An ooze (D)
  An adder simulacrum (D)
  2 ball pythons (D)
  A bat (D)
  A bat skeleton (D)
  2 goblins (D)
  2 hobgoblins (D)
  A kobold (D)
  A giant newt (D)
54 creatures vanquished.

Notes
Turn   | Place    | Note
--------------------------------------------------------------
     0 | D        | Jb9000 the Gargoyle Fighter began the quest for the Orb.
     0 | D        | Reached XP level 1. HP: 14/14 MP: 1/1
    28 | D        | Reached skill level 4 in Armour
    47 | D        | Found a sacrificial altar of Ru.
    47 | D        | Found a shadowy altar of Dithmenos.
    47 | D        | Found a bloodstained altar of Trog.
    47 | D        | Found a deep blue altar of Sif Muna.
    47 | D        | Found a shimmering altar of Xom.
    47 | D        | Found a sparkling altar of Nemelex Xobeh.
    47 | D        | Found a corrupted altar of Lugonu.
    47 | D        | Found a viscous altar of Jiyva.
    48 | D        | Found a basalt altar of Yredelemnul.
    48 | D        | Found a glowing golden altar of the Shining One.
    48 | D        | Found a shattered altar of Ashenzari.
    48 | D        | Found a white marble altar of Elyvilon.
    48 | D        | Found a snail-covered altar of Cheibriados.
    48 | D        | Found a blossoming altar of Fedhas.
    48 | D        | Found a radiant altar of Vehumet.
    48 | D        | Found a burning altar of Makhleb.
    48 | D        | Found an ancient bone altar of Kikubaaqudgha.
    48 | D        | Found a glowing silver altar of Zin.
    48 | D        | Found a roughly hewn altar of Beogh.
    48 | D        | Found an iron altar of Okawaru.
    54 | D        | Found a stormy altar of Qazlal.
    54 | D        | Found an opulent altar of Gozag.
    58 | D        | Became a worshipper of Qazlal Stormbringer
    86 | D        | Paralysed by a giant eyeball for 3 turns
    93 | D        | Reached XP level 2. HP: 20/20 MP: 2/2
   203 | D        | Acquired Qazlal's first power
   203 | D        | Reached skill level 1 in Stealth
   241 | D        | Noticed a gnoll shaman
   241 | D        | Noticed Prince Ribbit
   241 | D        | Noticed a centaur
   244 | D        | Noticed an iron imp
   247 | D        | Noticed a hungry ghost
   252 | D        | Killed a gnoll shaman
   252 | D        | Reached skill level 1 in Dodging
   252 | D        | Reached skill level 1 in Spellcasting
   252 | D        | Reached XP level 3. HP: 9/24 MP: 3/5
   259 | D        | Acquired Qazlal's second power
   263 | D        | Killed a centaur
   263 | D        | Reached skill level 5 in Fighting
   263 | D        | Reached skill level 5 in Armour
   263 | D        | Reached skill level 5 in Shields
   263 | D        | Reached XP level 4. HP: 31/31 MP: 3/7
   263 | D        | Reached XP level 5. HP: 35/35 MP: 3/8
   265 | D        | Reached skill level 5 in Stealth
   283 | D        | Killed a hungry ghost
   283 | D        | Acquired Qazlal's third power
   283 | D        | Reached skill level 6 in Fighting
   283 | D        | Reached skill level 7 in Stealth
   283 | D        | Reached XP level 6. HP: 31/41 MP: 5/11
   293 | D        | Killed an iron imp
   301 | D        | HP: 2/41 [Prince Ribbit (6)]
   367 | D        | HP: 2/41 [mummy (8)]
   370 | D        | Acquired Qazlal's fourth power
   744 | D        | Noticed a gnoll shaman
   751 | D        | Killed a gnoll shaman
   754 | D        | Noticed a sky beast
   764 | D        | Killed a sky beast
   764 | D        | Reached skill level 8 in Stealth
   764 | D        | Reached XP level 7. HP: 39/47 MP: 13/13
   831 | D        | Acquired Qazlal's fifth power
   843 | D        | Noticed a komodo dragon
   843 | D        | Noticed a sky beast
   847 | D        | Killed a komodo dragon
   847 | D        | Reached skill level 5 in Axes
   847 | D        | Reached skill level 9 in Stealth
   863 | D        | Killed a sky beast
   869 | D        | Gained mutation: You can spit weak poison. [mutagenic meat]
   873 | D        | Gained mutation: You occasionally shout uncontrollably at your foes. [mutagenic meat]
   874 | D        | Gained mutation: You have a pair of small horns on your head. [mutagenic meat]
   875 | D        | Gained mutation: You are frail (-10% HP). [mutagenic meat]
  1005 | D        | Lost mutation: You have a pair of small horns on your head. [potion of cure mutation]
  1005 | D        | Lost mutation: You are frail (-10% HP). [potion of cure mutation]
  1005 | D        | Lost mutation: You can spit weak poison. [potion of cure mutation]
  1005 | D        | Lost mutation: You occasionally shout uncontrollably at your foes. [potion of cure mutation]
  1124 | D        | Noticed a quasit
  1124 | D        | Noticed a quasit
  1124 | D        | Noticed a hellwing
  1127 | D        | Killed a quasit
  1133 | D        | Killed a quasit
  1133 | D        | Reached skill level 5 in Spellcasting
  1133 | D        | Reached XP level 8. HP: 44/53 MP: 15/15
  1141 | D        | Killed a hellwing
  1141 | D        | Reached skill level 5 in Invocations
  1155 | D        | Noticed Joseph
  1155 | D        | Noticed a wyvern
  1155 | D        | Noticed a blue devil
  1163 | D        | Killed a wyvern
  1163 | D        | Reached skill level 10 in Stealth
  1168 | D        | Killed Joseph
  1168 | D        | Reached skill level 5 in Dodging
  1168 | D        | Killed a blue devil
  1168 | D        | Reached XP level 9. HP: 40/59 MP: 15/17
  1262 | D        | Noticed an efreet
  1262 | D        | Noticed a troll
  1268 | D        | Killed a shadow wraith
  1270 | D        | Killed an efreet
  1270 | D        | Reached skill level 11 in Stealth
  1275 | D        | Killed a troll
  1326 | D        | Noticed Edmund
  1326 | D        | Noticed a basilisk
  1328 | D        | Noticed a wasp
  1328 | D        | Killed a wasp
  1332 | D        | Noticed a troll
  1333 | D        | Noticed a hippogriff
  1334 | D        | Noticed a fire bat
  1334 | D        | Noticed a fire drake
  1335 | D        | Noticed Maud
  1335 | D        | Noticed Grum
  1335 | D        | Noticed a wolf
  1336 | D        | Killed a wolf
  1336 | D        | Killed Edmund
  1337 | D        | Killed Grum
  1337 | D        | Killed a hippogriff
  1337 | D        | Killed a troll
  1337 | D        | Killed a warg
  1337 | D        | Reached skill level 12 in Stealth
  1338 | D        | Noticed a wolf
  1338 | D        | Noticed a troll
  1339 | D        | Noticed a wolf
  1339 | D        | Killed a fire drake
  1339 | D        | Reached XP level 10. HP: 53/66 MP: 11/20
  1342 | D        | Noticed an eye of devastation
  1344 | D        | Killed a basilisk
  1345 | D        | Noticed a cyclops
  1345 | D        | Noticed a wolf
  1345 | D        | Noticed a mottled dragon
  1346 | D        | Killed a wolf
  1347 | D        | Killed an eye of devastation
  1348 | D        | Killed a wolf
  1349 | D        | Killed a wolf
  1354 | D        | Killed a fire bat
  1358 | D        | Killed a troll
  1360 | D        | Killed a cyclops
  1360 | D        | Reached skill level 13 in Stealth
  1360 | D        | Reached skill level 10 in Invocations
  1360 | D        | Killed a mottled dragon
  1363 | D        | Slain by Maud

Vault maps used:
D:        pitsprint

Action                   |  1- 3 |  4- 6 |  7- 9 | 10-12 || total
-------------------------+-------+-------+-------+-------++-------
Melee: Hand axe          |    26 |    61 |    29 |       ||   116
       War axe           |     4 |       |       |       ||     4
       Broad axe         |       |       |    44 |    13 ||    57
Invok: Upheaval          |       |     2 |       |     1 ||     3
       Disaster Area     |       |       |     1 |     1 ||     2
Evoke: Wand              |       |       |       |     1 ||     1
  Use: Potion            |     3 |     2 |     4 |     5 ||    14
  Eat: Fruit             |       |     5 |       |       ||     5
       Chunk             |       |     1 |     4 |       ||     5
       Bread ration      |       |       |     1 |       ||     1
